 Dungeon Crawl Stone Soup version 0.29-a0-409-gd843f3a48c (webtiles) character file.

Game seed: 5768851199967943747

81 zeratav the Digger (level 4, -3/27 HPs)
             Began as an Octopode Earth Elementalist on May 13, 2022.
             Slain by Sigmund
             ... wielding a +0 scythe
              (12 damage)
             ... on level 2 of the Dungeon.
             The game lasted 00:02:40 (2544 turns).

zeratav the Digger (Octopode Earth Elementalist)    Turns: 2544, Time: 00:02:41

Health: -3/27      AC:  1    Str:  7    XL:     4   Next: 40%
Magic:  4/8        EV: 13    Int: 19    God:
Gold:   62         SH:  0    Dex: 12    Spells: 7/8 levels left

rFire   . . .      SeeInvis .   g - +0 mace {mace}
rCold   . . .      Faith    .   (no shield)
rNeg    . . .      Spirit   .   (helmet restricted)
rPois   .          Reflect  .   (no amulet)
rElec   .          Harm     .   (no ring)
rCorr   .          Rampage  .   (no ring)
Will    .....                   (no ring)
Stlth   +++.......              (no ring)
HPRegen 0.09/turn               (no ring)
MPRegen 0.11/turn               (no ring)
                                (no ring)
                                (no ring)

@: no status effects
A: almost no armour, amphibious, 8 rings, camouflage 1, gelatinous body 1,
(nimble swimmer 1), tentacles
a: no special abilities


You were on level 2 of the Dungeon.
You visited 1 branch of the dungeon, and saw 2 of its levels.

You collected 62 gold pieces.


Innate Abilities, Weirdness & Mutations

You cannot wear most types of armour.
You are amphibious.
You can wear up to eight rings at the same time.
Your skin changes colour to match your surroundings (Stealth+).
Your rubbery body absorbs attacks. (AC +1, EV +1)
((You are camouflaged when in or above water. (Stealth+)))
You have tentacles for arms and can constrict up to eight enemies at once.


   Skills:
 - Level 2.0 Dodging
 - Level 2.6 Stealth
 + Level 2.8 Spellcasting
 - Level 1.0 Transmutations
 * Level 4.5 Earth Magic


You had 7 spell levels left.
You knew the following spells:

 Your Spells              Type           Power      Damage    Failure   Level
a - Sandblast             Erth           38%        2d10      2%          1

Your spell library contained the following spells:

 Spells                   Type           Power      Damage    Failure   Level
 Passwall                 Tmut/Erth      10%        N/A       8%          2
 Stone Arrow              Conj/Erth      22%        3d8       19%         3
 Petrify                  Tmut/Erth      13%        N/A       45%         4

Inventory:

Hand Weapons
 g - a +0 mace (weapon) {mace}
   (You found it on level 1 of the Dungeon)
Missiles
 a - 96 stones {throwing}
Jewellery
 n - an amulet of faith {!P}
   (You found it on level 2 of the Dungeon)
Scrolls
 c - 4 scrolls of identify {unknown}
 h - a scroll of noise {unknown}
 k - 2 scrolls of immolation {unknown}
 l - a scroll of teleportation {unknown}
Potions
 b - a potion of magic
 d - a potion of haste {unknown}
 e - a potion of heal wounds {unknown}
 f - a potion of degeneration {unknown}
 i - a potion of berserk rage {unknown}
 j - a potion of curing {unknown}
 m - a potion of ambrosia {unknown}

Dungeon Overview and Level Annotations

Branches:
Dungeon (2/15)

Altars:

Annotations:
D:2 Sigmund

######..........#.##.
..............###.†#.
######.†..÷...# ##.#. #.#
#........# #... #.#
#........# ##.. #.#
#........# #..
#####.####.....#..# #..
#.....##.......#@.# #..
#.###...@.{..#.#.## #.. #
#.# ######...#.#.# #..
#.####.# #####.#.# #..
#....#.# #.#.# #. #.#.#
#.#.##### #. #.#.##########
#.#.#...# #.
......#..........# #.#.#...#
#.
################.###.#.....#
#. ..
.......##.....##....###.


There were no monsters in sight!


Message History

The adder closely misses you. The adder completely misses you.
You completely miss the adder. Your grab misses the adder. The adder bites you.
You are poisoned.
The adder poisons you! The adder bites you.
You are more poisoned.
The adder poisons you!
HP[-6]
You take 6 damage, and now have 21/27 hp.
MASSIVE DAMAGE!! (PAUSE)
You closely miss the adder. You grab the adder. You constrict the adder.
You feel very sick. The adder completely misses you.
The adder closely misses you.
HP[-4]
You take 4 damage, and now have 17/27 hp.
You hit the adder.
You kill the adder!
You feel very sick.
HP[-3]
You take 3 damage, and now have 14/27 hp.
You feel sick.
You see here an adder corpse.
HP[-2]
You take 2 damage, and now have 12/27 hp.
You feel sick.
MP[+1]
You feel sick.
HP[-1]
You take 1 damage, and now have 11/27 hp.
You feel sick.
HP[-1]
You take 1 damage, and now have 10/27 hp.
You feel sick.
a - 101 stones {throwing} (gained 16)
You feel sick.
You are no longer poisoned.
HP[-2]
You take 2 damage, and now have 8/27 hp.
You start resting.
MP[+1]
Your mp is fully restored (8).
You start resting.
Sigmund is nearby!
HP[+16]
You regained 16 hp, and now have 24/27 hp.
HP[+1]
Found a stone staircase leading up.
You see here a +0 short sword {short}.
HP[+1]
An endoplasm comes into view.
HP[+1]
Your hp is fully restored (27).
Casting: Sandblast (safe; 2% risk of failure)
Confirm with . or Enter, or press ? or * to list all spells.
Aiming: Sandblast (safe; 2% risk of failure)
Press: ? - help, Shift-Dir - straight line, f - endoplasm
Aim: an endoplasm (asleep, 100% to hit)
The blast of sand hits the endoplasm!
You kill the endoplasm!
MP[-1]
You lost 1 mp, and now have 7/8 mp.
k - 2 scrolls labelled DUOXKI FACUEHOG (gained 1) MP[+1]
Your mp is fully restored (8).
Sigmund is nearby!
The blast of sand hits Sigmund!
Sigmund shouts!
Sigmund casts a spell.
Sigmund flickers and vanishes!
Deactivating autopickup; reactivate with Ctrl-A.
MP[-1]
You lost 1 mp, and now have 7/8 mp.
You can't see any susceptible monsters within range! (Use Z to cast anyway.)
Casting: Sandblast (safe; 2% risk of failure)
Confirm with . or Enter, or press ? or * to list all spells.
Okay, then.
Casting: Sandblast (safe; 2% risk of failure)
Confirm with . or Enter, or press ? or * to list all spells.
Aiming: Sandblast (safe; 2% risk of failure)
Press: ? - help, Shift-Dir - straight line MP[-1]
You lost 1 mp, and now have 6/8 mp.
Casting: Sandblast (safe; 2% risk of failure)
Confirm with . or Enter, or press ? or * to list all spells.
Aiming: Sandblast (safe; 2% risk of failure)
Press: ? - help, Shift-Dir - straight line The blast of sand hits something!
Something hits you!
HP[-13] MP[-1]
You take 13 damage, and now have 14/27 hp.
MASSIVE DAMAGE!! (PAUSE)
You lost 1 mp, and now have 5/8 mp.
Casting: Sandblast (safe; 2% risk of failure)
Confirm with . or Enter, or press ? or * to list all spells.
Aiming: Sandblast (safe; 2% risk of failure)
Press: ? - help, Shift-Dir - straight line You hear some strange, mumbled words.
A puff of flame appears from out of thin air!
The puff of flame hits you.
* * * LOW HITPOINT WARNING * * *
Something hits you!
You die...

Skill      XL: |  1  2  3 |
---------------+----------+-----
Earth Magic    | 4 |  4.5
Dodging        | |  2.0
Stealth        | |  2.6
Spellcasting   | |  2.8
Transmutations | |  1.0

Action                   |  1- 3 |  4- 6 || total
-------------------------+-------+-------++-------
Melee: Mace              |    34 |     6 ||    40
       Tentacles         |     9 |       ||     9
       Unarmed           |     3 |       ||     3
       Constrict         |    10 |     2 ||    12
 Cast: Sandblast         |    17 |    16 ||    33
 Stab: Sleeping          |     5 |     1 ||     6
Armor: Skin              |     7 |       ||     7
Dodge: Dodged            |    38 |     6 ||    44

Levels and vault maps discovered:
D:1:      matt_arrival_diagonals, layout_loops_ring, hangedman_decor_push,
          minivault_25
D:2:      layout_basic, shapermc_ecumenical_altar_acropolis,
          serial_co_window_serial, co_window_paths_a, co_window_paths_b,
          co_window_corner_a, co_window_corner_a, co_window_cross_1,
          co_window_paths_b, co_window_cross_1, co_window_corner_b,
          co_window_of_opportunity_c, co_window_of_opportunity_c,
          co_window_4corner_b, co_window_sun, uniq_sigmund, uniq_robin

Notes
Turn   | Place    | Note
-------+----------+-------------------------------------------
     0 | D:1      | zeratav the Octopode Earth Elementalist began the quest for
                  | the Orb.
     0 | D:1      | Reached XP level 1. HP: 11/11 MP: 3/3
     0 | D:1      | magus.rc [v1.9.6]
   520 | D:1      | Reached XP level 2. HP: 17/17 MP: 5/5
  1051 | D:2      | Noticed Robin
  1061 | D:2      | Killed Robin
  1062 | D:2      | Reached XP level 3. HP: 13/21 MP: 0/6
  1065 | D:2      | HP: 5/21 [hobgoblin[Robin] (4)]
  1071 | D:1      | HP: 3/21 [hobgoblin[Robin] (2)]
  1577 | D:2      | Reached skill level 4 in Earth Magic
  1638 | D:2      | Found a faded altar of an unknown god.
  1980 | D:2      | Reached XP level 4. HP: 27/27 MP: 6/8
  2259 | D:2      | Noticed Sigmund
  2544 | D:2      | Slain by Sigmund

Vanquished Creatures
  Robin (D:2)
  3 adders (D:2)
  2 worms (D:2)
  A dart slug (D:2)
  3 endoplasms (D:2)
  2 giant cockroaches
  10 goblins (D:2)
  5 hobgoblins
  A kobold (D:1)
  2 ball pythons
  A bat (D:1)
  2 frilled lizards (D:1)
  2 rats
35 creatures vanquished.

Table legend:
 A = Non-vault XP
 B = Vault XP
 C = Vault XP percentage of total XP
 D = Non-vault monster count
 E = Vault monster count
 F = Vault count percentage of total count
                 A         B        C        D         E       F
            +---------+---------+-------+---------+---------+-------
      Total |      80 |      36 |  31.0 |      23 |      12 |  34.3
            +---------+---------+-------+---------+---------+-------
        D:1 |      13 |       2 |  13.3 |       9 |       1 |  10.0
        D:2 |      67 |      34 |  33.7 |      14 |      11 |  44.0
            +---------+---------+-------+---------+---------+-------

Illustrated notes

Table legend:
 A = Kills in this place as a percentage of kills in entire the game.
 B = Kills by you in this place as a percentage of kills by you in the entire game.
 C = Kills by friends in this place as a percentage of kills by friends in the entire game.
 D = Other kills in this place as a percentage of other kills in the entire game.
 E = Experience gained in this place as a percentage of experience gained in the entire game.
 F = Experience gained in this place divided by the number of levels of this place that you have seen.
                   A       B       C       D       E      F
               +-------+-------+-------+-------+-------+----------------------
         Total | 100.0 | 100.0 |   N/A |   N/A | 100.0 |  58.0
       Dungeon | 100.0 | 100.0 |   N/A |   N/A | 100.0 |  58.0
               +-------+-------+-------+-------+-------+----------------------

Table legend: (Time is in decaauts)
 A = Elapsed time spent in this place.
 B = Non-inter-level travel time spent in this place.
 C = Inter-level travel time spent in this place.
 D = Time resting spent in this place.
 E = Time spent auto-exploring this place.
 F = Levels seen in this place.
 G = Mean time per level.
                   A        B        C        D        E       F      G
               +--------+--------+--------+--------+--------+-----+--------+
         Total |   2561 |   2527 |     34 |    672 |   1531 |   2 | 1280.5 |
       Dungeon |   2561 |   2527 |     34 |    672 |   1531 |   2 | 1280.5 |
               +--------+--------+--------+--------+--------+-----+--------+

Top non-repeatable levels by time:
     D:1: 1416 daAuts
     D:2: 1144 daAuts
